Unix NetHack Version 3.7.0-97 Work-in-progress - last build Jan 20 2024 17:37:35 (157cf090cb53e479d994ec1a4552202481ff9585,branch:master). Game began 2024-01-26 14:00:28, ended 2024-01-26 14:09:39. mmj, lawful female elven Wizard --------- #-..`.<...# #|..`....|# #|.......|# #---------## ### # ------------.-- ## ##### |.......>......#### ------------ # # |.............| # ######## #####.........>.| # ##...............#### ##------|----##### |..^.0.)...| # ---------------###*#####-.........|# ####.....F.....| # ############ # |.Sf}.}....###### ------------ # # ####|S@..}....|# # ## #|SS.}.....|# ------# ## #-.........|# |.%..|# # -----------# |[(.[|# ################# |.?..|# |+!..-# ------ Mmj the Conjurer St:10 Dx:18 Co:15 In:18 Wi:8 Ch:7 Lawful Dlvl:2 $:84 HP:0(21) Pw:32(34) AC:10 Xp:3/76 T:889 Satiated Latest messages: What do you want to wear? [A or ?*] A You finish your dressing maneuver. What do you want to remove? [de or ?*] A The kitten drops a food ration. The kitten picks up a potion of speed. You finish taking off your gauntlets. What do you want to drop? [$a-fh-ln-ru-zA or ?*] A You drop a +0 pair of gauntlets of power (unpaid, 100 zorkmids). The jackal bites! You kill the jackal! You see here a jackal corpse. The jackal bites! You kill the jackal! You see here a jackal corpse. There is a jackal corpse here; eat it? [ynq] (n) y This jackal corpse is fatty. The kitten eats a jackal corpse. You finish eating the jackal corpse. In what direction? l The spell hits the acid blob! You kill the acid blob! The door opens. You find a hidden passage. What do you want to dip? [a-fh-ln-ru-z or ?*] ? Dip a -1 helm of opposite alignment (being worn) into the fountain? [yn] (n) y Your helm of opposite alignment rusts! What do you want to dip? [a-fh-ln-ru-z or ?*] ? Dip a -1 helm of opposite alignment (being worn) into the fountain? [yn] (n) y Your helm of opposite alignment rusts further! What do you want to dip? [a-fh-ln-ru-z or ?*] z Dip a -1 helm of opposite alignment (being worn) into the fountain? [yn] (n) y Your helm of opposite alignment rusts completely! What do you want to dip? [a-fh-ln-ru-z or ?*] z Dip a -1 helm of opposite alignment (being worn) into the fountain? [yn] (n) y Nothing seems to happen. What do you want to dip? [a-fh-ln-ru-z or ?*] z Dip a -1 helm of opposite alignment (being worn) into the fountain? [yn] (n) y Water gushes forth from the overflowing fountain! What do you want to dip? [a-fh-ln-ru-z or ?*] z Dip a -1 helm of opposite alignment (being worn) into the fountain? [yn] (n) y What do you want to dip? [a-fh-ln-ru-z or ?*] z Dip a -1 helm of opposite alignment (being worn) into the fountain? [yn] (n) y An endless stream of snakes pours forth! The fountain dries up! You hit the water moccasin. The water moccasin bites! The water moccasin bites! The water moccasin's bite was poisoned! You die... Do you want your possessions identified? [ynq] (y) q Inventory: Coins $ - 84 gold pieces Weapons r - a +0 dagger a - a blessed +1 quarterstaff (weapon in hands) Armor z - a cursed thoroughly rusty -1 helm of opposite alignment (being worn) b - an uncursed +0 cloak of magic resistance (being worn) Comestibles v - 2 uncursed lembas wafers y - an uncursed lichen corpse Scrolls j - an uncursed scroll of create monster i - an uncursed scroll of earth q - an uncursed scroll of magic mapping k - an uncursed scroll of teleportation Spellbooks l - a blessed spellbook of force bolt Potions x - a cursed potion of fruit juice f - an uncursed potion of healing w - an uncursed potion of levitation p - a cursed potion of levitation h - an uncursed potion of paralysis Rings d - an uncursed +1 ring of gain constitution (on left hand) e - an uncursed ring of slow digestion (on right hand) Wands u - a wand of create monster (0:10) c - a wand of undead turning (0:8) Tools o - an uncursed bell n - a magic marker (0:22) Mmj the Wizard's attributes: Background: You were a Conjurer, a level 3 female elven Wizard. You were lawful, temporarily on a mission for Ptah who was opposed by Thoth (neutral) and Anhur (chaotic). You were actually chaotic. You were right-handed. You were in the Dungeons of Doom, on level 2. You entered the dungeon 889 turns ago. There was a full moon in effect when your adventure ended. You had 76 experience points, 4 more were needed to attain level 4. Basics: You had 0 out of 21 hit points. You had 32 out of 34 energy points (spell power). Your armor class was 10. Your wallet contained 84 zorkmids. Autopickup was on for '$' plus thrown. Final Characteristics: Your strength was 10 (limit:18). Your dexterity was 18 (limit:18). Your constitution was 15 (base:14, limit:16). Your intelligence was 18 (limit:20). Your wisdom was 8 (limit:20). Your charisma was 7 (limit:18). Final Status: You were satiated. You were unencumbered. You were wielding a quarterstaff. You had basic skill with quarterstaff. Final Attributes: You were fervently aligned. You were magic-protected. You had infravision. You had slower digestion. You were warded. You were fast. You were lucky. You are dead. Miscellaneous: You never encountered a bones level. Total elapsed playing time was 9 minutes and 10 seconds. Major events: Turn 1: mmj the chaotic female elven Wizard entered the dungeon 552: attained the rank of Conjurer (level 3) 889: killed by a water moccasin Vanquished creatures: an acid blob 3 gas spores a hobbit a green mold a gecko 2 jackals a fox 2 goblins a bat 4 lichens 2 kobold zombies 19 creatures vanquished. No species were genocided or became extinct. Voluntary challenges: You read items or engraved 2 times. You engraved Elbereth 2 times. You never genocided any monsters. You never polymorphed an object. You never changed form. You used no wishes. Achievements: You entered a shop. You attained the rank of Conjurer. The Dungeons of Doom: levels 1 to 2 Level 1: Level 2: <- You were here. Final resting place for you, killed by a water moccasin. Game over: ---------- / \ / REST \ / IN \ / PEACE \ / \ | mmj | | 84 Au | | killed by a | | water moccasin | | | | | | 2024 | *| * * * | * _________)/\\_//(\/(/\)/\//\/|_)_______ Goodbye mmj the Wizard... You died in The Dungeons of Doom on dungeon level 2 with 450 points, and 84 pieces of gold, after 889 moves. You were level 3 with a maximum of 21 hit points when you died.